Map: Deathaura LE

Players

Cheater 1 (Insane)

  • Race: Zerg Zerg
  • Spawn Location: 5:00

cheetoss - Winner!

  • Race: Zerg Zerg
  • Spawn Location: 11:00

VOD

Have the link to the VOD?

Description

Time

  • Played on: Nov. 22, 2020, 3:34 a.m.
  • Length: 14:40
Show
View Real Time Build Order
Export as new Build Order

Cheater 1 (Insane) Zerg 

Build Orders: Pool First 

Get SALT Encoding   

  12  0:00  Drone  
  13  0:11  Overlord  
  13  0:15  Drone  
  14  0:29  Drone x2  
  14  0:33  Drone  
  17  0:42  Spawning Pool  
  16  0:43  Drone  
  17  1:09  Hatchery  
  16  1:17  Drone  
  17  1:20  Extractor  
  17  1:22  Extractor  
  15  1:28  Drone  
  15  1:31  Queen  
  15  1:32  Drone, Zergling x2  
  20  1:39  Drone  
  21  1:49  Drone  
  22  2:01  Overlord  
  22  2:15  Drone, Roach Warren  
  22  2:18  Queen  
  22  2:20  Drone  
  22  2:22  Drone  
  26  2:31  Drone  
  26  2:32  Drone  
  28  2:38  Drone x2, Zergling x2  
  28  2:42  Zergling x2  
  32  2:44  Overlord  
  32  2:49  Queen  
  32  2:53  Drone  
  32  2:55  Drone  
  34  3:03  Zergling x2  
  34  3:06  Roach  
  34  3:12  Lair  
  36  3:14  Roach  
  36  3:16  Roach  
  38  3:25  Roach, Overlord x2, Queen  
  38  3:26  Zergling x2  
  43  3:29  Zergling x2  
  44  3:38  Roach  
  44  3:43  Zergling x2  
  44  3:46  Roach  
  44  3:49  Zergling x2  
  42  3:56  Zergling x6  
  42  3:58  Zergling x2  
  42  4:00  Drone  
  46  4:08  Zergling x2  
  46  4:10  Infestation Pit  
  46  4:11  Drone  
  45  4:19  Zergling x2  
  45  4:22  Drone  
  47  4:30  Drone  
  48  4:32  Drone x2, Roach, Overlord  
  49  4:41  Zergling x2  
  49  4:43  Zergling x2  
  47  4:52  Zergling x2  
  48  4:54  Zergling x2  
  48  4:58  Queen  
  48  5:00  Drone x2, Overlord  
  48  5:04  Roach  
  48  5:05  Ravager, Drone  
  54  5:09  Evolution Chamber  
  54  5:14  Unknown, Zergling x2  
  52  5:15  Unknown, Drone  
  49  5:22  Ravager  
  49  5:23  Spine Crawler  
  49  5:25  Zergling x2  
  49  5:26  Drone, Pneumatized Carapace  
  49  5:28  Hydralisk Den  
  50  5:29  Drone, Roach, Overlord  
  50  5:31  Spine Crawler  
  50  5:35  Burrow  
  52  5:37  Drone, Roach  
  52  5:40  Overseer  
  52  5:47  Drone  
  52  5:48  Roach  
  42  5:57  Infestor  
  42  5:58  Hydralisk, Drone, Roach x2, Lurker Den  
  42  6:00  Overseer  
  47  6:06  Roach, Zergling x2  
  47  6:09  Queen  
  47  6:10  Hydralisk  
  47  6:11  Hydralisk, Drone  
  51  6:20  Hydralisk, Zergling x2  
  49  6:27  Drone, Roach, Zergling x2  
  49  6:32  Roach x2  
  53  6:42  Hydralisk  
  53  6:43  Drone  
  51  6:53  Hydralisk, Roach  
  51  6:55  Hydralisk, Drone, Roach  
  53  7:03  Roach  
  48  7:17  Spawning Pool  
  48  7:20  Hydralisk  
  48  7:22  Hydralisk  
  45  7:23  Drone  
  45  7:24  Drone  
  45  7:27  Drone  
  48  7:30  Drone  
  48  7:32  Drone  
  48  7:35  Drone  
  48  7:36  Roach  
  51  7:38  Drone  
  50  7:45  Drone  
  50  7:46  Drone  
  50  7:47  Drone x2  
  50  7:50  Hydralisk  
  47  7:54  Drone  
  47  7:57  Hydralisk  
  43  8:02  Hydralisk  
  43  8:05  Drone, Zergling x2  
  39  8:13  Zergling x2  
  40  8:21  Drone x2  
  40  8:22  Drone  
  40  8:25  Drone  
  44  8:31  Lair  
  44  8:33  Drone  
  44  8:34  Roach Warren  
  41  8:36  Drone  
  41  8:37  Evolution Chamber  
  41  8:46  Drone  
  42  8:50  Drone x2  
  42  8:52  Drone  
  42  8:53  Hydralisk  
  44  8:58  Drone  
  45  9:03  Spawning Pool  
  45  9:04  Zerg Ground Armor Level 1  
  45  9:09  Hydralisk, Drone  
  45  9:18  Drone, Roach x2  
  45  9:20  Drone  
  52  9:31  Drone, Infestation Pit  
  52  9:34  Hydralisk Den  
  48  9:42  Drone  
  49  9:47  Drone, Roach x2  
  54  9:53  Drone  
  54  9:58  Spine Crawler  
  54  10:03  Evolution Chamber  
  54  10:04  Drone, Spire  
  53  10:10  Hive, Lurker Den  
  52  10:15  Hydralisk, Roach, Evolution Chamber  
  52  10:16  Roach  
  57  10:26  Roach  
  57  10:28  Zerg Missile Weapons Level 1  
  59  10:31  Roach  
  59  10:37  Roach  
  59  10:40  Glial Reconstitution  
  57  10:44  Drone, Roach, Zergling x2  
  57  10:48  Infestor  
  53  10:58  Zerg Ground Armor Level 2  
  53  10:59  Zergling x2  
  53  11:00  Spore Crawler  
  53  11:02  Ravager  
  50  11:06  Ravager  
  50  11:09  Hydralisk  
  51  11:12  Infestor, Zergling x2  
  51  11:13  Drone  
  51  11:14  Overseer  
  51  11:15  Spore Crawler  
  54  11:21  Drone  
  54  11:22  Queen  
  57  11:27  Infestor  
  57  11:31  Viper  
  54  11:41  Hydralisk, Roach  
  54  11:42  Roach  
  54  11:44  Zergling x2  
  54  11:54  Hydralisk  
  54  11:57  Queen  
  55  12:05  Roach  
  55  12:09  Infestor  
  55  12:10  Drone, Viper  
  58  12:17  Overlord  
  58  12:28  Zergling x2  
  49  12:38  Infestor, Zergling x2  
  49  12:39  Roach, Overlord  
  54  12:49  Infestor  
  54  12:51  Pathogen Glands  
  51  13:00  Infestor  
  53  13:07  Roach x2, Zergling x2  
  53  13:12  Overlord  
  55  13:19  Queen  
  50  13:23  Zergling x2  
  51  13:33  Overlord  
  51  13:35  Hydralisk x2  
  51  13:36  Roach  
  55  13:51  Hydralisk  
  48  13:56  Overlord  
  46  14:04  Infestor, Zergling x2  
  46  14:05  Zergling x2  
  46  14:08  Roach  
  43  14:18  Overlord  
  43  14:24  Overseer  
Show
View Real Time Build Order
Export as new Build Order

cheetoss Zerg - Winner!

Build Orders: Hatch First 

Get SALT Encoding   

  12  0:00  Drone  
  13  0:10  Drone  
  14  0:43  Hatchery  
  14  0:44  Drone  
  14  0:47  Overlord  
  14  1:06  Spawning Pool  
  14  1:10  Drone  
  14  1:14  Drone  
  14  1:18  Drone  
  16  1:21  Drone  
  17  1:32  Drone  
  18  1:43  Drone  
  19  1:53  Overlord  
  19  1:54  Queen  
  19  1:59  Extractor  
  20  2:01  Queen  
  22  2:09  Roach Warren  
  22  2:10  Drone  
  22  2:16  Zergling x4  
  22  2:20  Zergling x2  
  25  2:30  Zergling x4  
  27  2:37  Drone  
  27  2:40  Extractor  
  27  2:47  Drone  
  27  2:48  Drone x2  
  29  2:52  Roach  
  29  2:57  Drone  
  32  3:10  Roach  
  32  3:11  Overlord x2  
  34  3:14  Overlord  
  34  3:23  Drone  
  35  3:35  Evolution Chamber  
  35  3:38  Roach x3  
  40  3:51  Queen  
  41  4:04  Roach x2  
  42  4:15  Roach  
  44  4:17  Drone x3  
  44  4:20  Zerg Missile Weapons Level 1  
  47  4:32  Spine Crawler  
  47  4:36  Roach x2  
  46  4:46  Lair  
  46  4:48  Drone x2  
  48  4:53  Drone  
  49  5:04  Queen  
  49  5:05  Drone  
  52  5:07  Drone  
  53  5:17  Roach x2  
  57  5:25  Ravager  
  58  5:30  Ravager x2  
  58  5:33  Overlord x2  
  58  5:59  Roach x3  
  58  6:13  Zergling x2  
  57  6:24  Drone, Queen  
  60  6:28  Zerg Ground Armor Level 1  
  60  6:37  Infestation Pit  
  57  6:40  Ravager  
  58  6:49  Roach x3  
  58  6:52  Extractor  
  58  6:54  Extractor  
  62  6:57  Drone x2  
  62  7:00  Glial Reconstitution  
  64  7:16  Roach x2, Overlord x2  
  64  7:17  Overlord x2  
  65  7:28  Drone  
  66  7:40  Roach  
  64  8:18  Hydralisk Den  
  63  8:21  Drone x3  
  63  8:22  Queen  
  68  8:40  Roach  
  70  9:19  Hatchery  
  70  9:20  Overseer x2  
  69  9:24  Hatchery  
  69  9:27  Spore Crawler  
  67  9:32  Drone x3  
  70  9:39  Grooved Spines  
  70  9:44  Hive  
  70  9:47  Lurker Den  
  70  9:48  Zerg Missile Weapons Level 2  
  69  9:55  Drone x2  
  71  10:13  Ravager  
  74  10:14  Roach  
  74  10:18  Drone  
  75  10:33  Drone  
  76  10:36  Queen  
  76  10:38  Queen  
  73  10:50  Muscular Augments  
  73  10:55  Roach x5  
  80  11:05  Drone x2  
  80  11:10  Drone x2  
  84  11:13  Drone  
  84  11:17  Hydralisk  
  87  11:22  Drone  
  87  11:23  Drone x2  
  90  11:31  Overseer  
  90  11:46  Hydralisk x2  
  90  11:51  Hydralisk x2  
  98  11:56  Overseer  
  98  12:04  Zerg Ground Armor Level 2  
  98  12:06  Hydralisk x2  
  100  12:10  Drone x3, Queen  
  105  12:21  Hydralisk x4  
  113  12:24  Drone  
  114  12:35  Hydralisk  
  116  12:37  Hydralisk  
  116  12:38  Overlord x2  
  116  12:39  Overlord x3  
  118  12:49  Overlord x2  
  118  12:53  Overlord  
  118  13:01  Hydralisk x4  
  118  13:03  Hydralisk  
  128  13:07  Hydralisk  
  128  13:12  Hydralisk x2  
  130  13:13  Queen  
  130  13:17  Hydralisk x2  
  140  13:21  Hydralisk  
  140  13:25  Drone x2  
  144  13:28  Overlord x2  
  144  13:31  Drone x2  
  146  13:38  Seismic Spines  
  146  13:41  Hydralisk  
  146  13:44  Drone, Overlord  
  146  13:45  Drone  
  150  14:21  Ravager  
Tags
 
Add a new tag
Caveats
  • Supply blocks, unpowered buildings, or Contaminate may cause inaccurate times.
  • Supply counts are checked every 10 seconds.